 Dungeon Crawl Stone Soup version 0.17.1-3-g152610e (webtiles) character file.

348 Zhenya25pyc the Skirmisher (level 6, 0/39 HPs)
             Began as a Gargoyle Fighter on Apr 27, 2016.
             Slain by Dowan
             ... wielding a +1 dagger of speed
              (3 damage)
             ... on level 4 of the Dungeon.
             The game lasted 00:03:56 (3062 turns).

Zhenya25pyc the Skirmisher (Gargoyle Fighter)       Turns: 3062, Time: 00:03:56

Health: 0/39       AC: 12    Str: 21    XL:     6   Next: 60%
Magic:  6/6        EV:  7    Int:  9    God:
Gold:   140        SH:  9    Dex:  9    Spells: 0 memorised, 5 levels left

rFire  + . .     SeeInvis .     a - +0 flail
rCold  . . .     Clarity  +     b - +0 scale mail
rNeg   + . .     SustAt   .     c - +0 shield
rPois  ∞         Gourm    .     u - +0 helmet
rElec  +         Spirit   .     (no cloak)
rCorr  .         Warding  .     (no gloves)
rMut   .         Stasis   .     (no boots)
MR     +....                    y - amulet of clarity
Stlth  ..........               m - ring of protection from fire
                                A - ring of protection from magic

@: somewhat resistant to hostile enchantments, extremely unstealthy
A: negative energy resistance 1, electricity resistance, unbreathing,
petrification resistance, rot immunity, AC +4
a: no special abilities


You were on level 4 of the Dungeon.
You were not hungry.

You visited 1 branch of the dungeon, and saw 4 of its levels.

You collected 140 gold pieces.

Inventory:

Hand Weapons
 a - a +0 flail (weapon)
Armour
 b - a +0 scale mail (worn)
 c - a +0 shield (worn)
 u - a +0 helmet (worn)
Jewellery
 m - a ring of protection from fire (right hand)
 s - an uncursed ring of sustain attributes
 y - an amulet of clarity (around neck)
 A - a ring of protection from magic (left hand)
Scrolls
 f - 2 scrolls of teleportation {unknown}
 h - 2 scrolls of identify {unknown}
 i - a scroll of amnesia {unknown}
 o - 2 scrolls of enchant armour {unknown}
 p - a scroll of enchant weapon
 t - a scroll of remove curse
Potions
 d - a potion of might
 g - a potion of degeneration {unknown}
 j - 3 potions of curing {unknown}
 l - a potion of invisibility {unknown}
 n - a potion of lignification {unknown}
 q - a potion of mutation {unknown}
 r - a potion of flight {unknown}
 w - a potion of cancellation {unknown}
 x - a potion of poison {unknown}
Comestibles
 e - 5 bread rations
 k - 3 meat rations


   Skills:
 + Level 4.7 Fighting
 * Level 4.4 Maces & Flails
 + Level 4.4 Armour
 + Level 4.5 Shields


You had 5 spell levels left.
You didn't know any spells.

Dungeon Overview and Level Annotations

Branches:
Dungeon (4/15)
 Temple: D:4-7

Altars:
Kikubaaqudgha
Qazlal

Annotations:
D:4 Dowan


Innate Abilities, Weirdness & Mutations

You are resistant to torment.
Your stone body is resilient (AC +4).
You are immune to poison.
You resist negative energy.
You are resistant to electric shocks.
You can survive without breathing.
You are immune to petrification.
You are immune to rotting.


Message History

The giant newt bites you but does no damage.
You hit the giant newt.
You kill the giant newt!
Dowan zaps a wand.
The puff of frost misses you.
Dowan zaps a wand.
The puff of frost hits you! Dowan casts a spell at you.
The shard of ice hits you!
* * * LOW HITPOINT WARNING * * *
Dowan hits you but does no damage.
Found a scroll labeled SELESI QYOROZ.
You see here a giant newt corpse.
You are too injured to fight recklessly!
You are too injured to fight recklessly!
You are too injured to fight recklessly!
You are too injured to fight recklessly!
You are too injured to fight recklessly!
You are too injured to fight recklessly!
You closely miss Dowan.
Dowan zaps a wand.
The puff of frost misses you. Dowan hits you with a dagger of speed.
You die...

#....#..#######
#....#.## #####
###†##.# ....#
#####.#..##
###.###..##.....## ..
#.##.......##..####.#
#........#####.#....#
###......... #.).#
#.....######@###
.......# #.e#
.####..## ..... .
#### ###.... ......
.......? .........
..........#


You could see Dowan.

Vanquished Creatures
  Duvessa (D:4)
  The ghost of Zhenya25pyc the Covered, an amateur GrFi of Okawaru (D:3)
  A scorpion (D:4)
  A hound (D:4)
  A giant frog skeleton (D:3)
  3 adders (D:3)
  An adder skeleton (D:4)
  3 orcs
  3 bats
  4 hobgoblins
  4 jackals
  5 kobolds
  A quokka (D:2)
  2 giant cockroaches
  6 giant newts
  6 goblins
  5 rats
48 creatures vanquished.

Notes
Turn   | Place    | Note
--------------------------------------------------------------
     0 | D:1      | Zhenya25pyc the Gargoyle Fighter began the quest for the Orb.
     0 | D:1      | Reached XP level 1. HP: 14/14 MP: 1/1
   489 | D:1      | Reached XP level 2. HP: 19/19 MP: 2/2
  1286 | D:2      | Found an ancient bone altar of Kikubaaqudgha.
  1296 | D:2      | Found a stormy altar of Qazlal.
  1706 | D:3      | Noticed Zhenya25pyc's ghost (amateur GrFi)
  1720 | D:3      | Killed Zhenya25pyc's ghost
  1720 | D:3      | Reached skill level 4 in Fighting
  1720 | D:3      | Reached XP level 3. HP: 9/24 MP: 3/3
  1720 | D:3      | Reached XP level 4. HP: 10/29 MP: 4/4
  2164 | D:3      | Reached XP level 5. HP: 33/33 MP: 5/5
  2877 | D:4      | Reached XP level 6. HP: 20/39 MP: 6/6
  3044 | D:4      | Noticed Duvessa
  3045 | D:4      | Noticed Dowan
  3059 | D:4      | Killed Duvessa
  3062 | D:4      | Slain by Dowan

Action                   |  1- 3 |  4- 6 || total
-------------------------+-------+-------++-------
Melee: Flail             |    89 |   116 ||   205
  Use: Scroll            |       |     2 ||     2
  Eat: Chunk             |     2 |     5 ||     7
